 Dungeon Crawl Stone Soup version 0.29-a0-82-g837932c90e (webtiles) character file.

Game seed: 4059810357854195758

1 cyrus the Skirmisher (level 1, 0/18 HPs)
             Began as a Mummy Cinder Acolyte on Feb 4, 2022.
             Was a High Priest of Ignis.
             Slain by a giant cockroach (2 damage)
             ... on level 1 of the Dungeon.
             The game lasted 00:00:21 (88 turns).

cyrus the Skirmisher (Mummy Cinder Acolyte)           Turns: 88, Time: 00:00:21

Health: 0/18       AC:  2    Str: 17    XL:     1   Next: 16%
Magic:  2/2        EV: 11    Int: 13    God:    Ignis [*****.]
Gold:   0          SH:  0    Dex:  7    Spells: 2/2 levels left

rFire   . . .      SeeInvis .   a - -1 falchion (flame)
rCold   + . .      Faith    .   (no shield)
rNeg    + + +      Spirit   .   b - +0 robe
rPois   ∞          Reflect  .   (no helmet)
rElec   .          Harm     .   (no cloak)
rCorr   .          Rampage  .   (no gloves)
Will    .....                   (no boots)
Stlth   +.........              (no amulet)
HPRegen 0.06/turn               (no ring)
MPRegen 0.08/turn               (no ring)

@: no status effects
A: cold resistance 1, negative energy resistance 3, torment resistance 2, heat
vulnerability 1, no potions
a: Renounce Religion, Fiery Armour, Foxfire Swarm, Rising Flame


You were on level 1 of the Dungeon.
You worshipped Ignis.
Ignis was extremely pleased with you.
You visited 1 branch of the dungeon, and saw 1 of its levels.

Inventory:

Hand Weapons
 a - a -1 falchion of flaming (weapon)
Armour
 b - a +0 robe (worn)


   Skills:
 + Level 3.0 Fighting
 + Level 2.4 Long Blades
 + Level 1.3 Spellcasting
 + Level 2.4 Fire Magic


You had 2 spell levels left.
You didn't know any spells.
Your spell library contained the following spells:

 Spells                   Type           Power      Damage    Failure   Level
 Scorch                   Fire           14%        2d6       16%         2


Dungeon Overview and Level Annotations

Branches:
Dungeon (1/15)

Altars:


Innate Abilities, Weirdness & Mutations

You are immune to poison.
Your flesh is cold resistant. (rC+)
You are immune to negative energy. (rN+++)
You are immune to unholy pain and torment.
You are vulnerable to heat. (rF-)
You do not drink.


Message History

Okay, then.
A bat is nearby!
A bat is nearby!
The bat closely misses you. The bat barely misses you.
The bat hits you but does no damage.
You hit the bat. You burn the bat.
You kill the bat!
HP restored.
A giant cockroach and a kobold come into view.
The kobold shouts!
You hear a shout!
There are monsters nearby!
A hobgoblin comes into view.
The hobgoblin shouts!
A hobgoblin comes into view.
Found a rapier.
The hobgoblin shouts!
The kobold closely misses you.
You closely miss the kobold. The kobold barely misses you.
You hit the kobold but do no damage. The kobold hits you with a +0 dagger.
The giant cockroach bites you.
You barely miss the kobold. The giant cockroach closely misses you.
The kobold hits you with a +0 dagger. The giant cockroach bites you.
You hit the kobold. You burn the kobold.
You kill the kobold!
The giant cockroach bites you but does no damage.
You barely miss the hobgoblin. The giant cockroach bites you.
The hobgoblin barely misses you. The hobgoblin completely misses you.
The giant cockroach misses you.
You hit the hobgoblin. You burn the hobgoblin.
The hobgoblin is heavily wounded.
The hobgoblin closely misses you. The hobgoblin hits you.
* * * LOW HITPOINT WARNING * * *
The giant cockroach misses you.
You completely miss the hobgoblin.
The hobgoblin is heavily wounded.
The hobgoblin hits you.
* * * LOW HITPOINT WARNING * * *
The giant cockroach bites you.
You die...

.. )# .. . #. . ##.#.
### #...# #########.##
#...# #......###.#
#.Bg####.###.#.#.##
#.g@#.........#.####
#...................
........................
...........#####........
...........#...#........
#####......#.8.#######..
#......#.........#..
#......##........##.
#..⌠....#.........'.


You could see a giant cockroach and 2 hobgoblins.

Vanquished Creatures
  A bat (D:1)
  A kobold (D:1)
2 creatures vanquished.

Notes
Turn   | Place    | Note
-------+----------+-------------------------------------------
     0 | D:1      | cyrus the Mummy Cinder Acolyte began the quest for the Orb.
     0 | D:1      | Reached XP level 1. HP: 18/18 MP: 2/2
    88 | D:1      | Slain by a giant cockroach

Illustrated notes

Levels and vault maps discovered:
D:1:      wander_arrival_estate, layout_loops_cross, minmay_shallow_snake_nest

Action                   || total
-------------------------++-------
Melee: Falchion          ||    14
Armor: Robe              ||     6
Dodge: Dodged            ||    22

Table legend: (Time is in decaauts)
 A = Elapsed time spent in this place.
 B = Non-inter-level travel time spent in this place.
 C = Inter-level travel time spent in this place.
 D = Time resting spent in this place.
 E = Time spent auto-exploring this place.
 F = Levels seen in this place.
 G = Mean time per level.
                   A        B        C        D        E       F      G
               +--------+--------+--------+--------+--------+-----+--------+
         Total |     90 |     90 |      0 |      0 |     44 |   1 |   90.0 |
       Dungeon |     90 |     90 |      0 |      0 |     44 |   1 |   90.0 |
               +--------+--------+--------+--------+--------+-----+--------+

Top non-repeatable levels by time:
     D:1: 90 daAuts
